 Dungeon Crawl Stone Soup version 0.30.0-29-ga12c61a403 (webtiles) character file.

Game seed: 15808911192566595777

11368 Graphine the Protected (level 11, 0/101 HPs)
             Began as a Hill Orc Fighter on June 21, 2023.
             Was an Elder of Nemelex Xobeh.
             Killed from afar by a death drake (11 damage)
             ... with a foul vapour
             ... on level 2 of the Lair of Beasts.
             The game lasted 00:24:44 (11520 turns).

Graphine the Protected (Hill Orc Fighter)          Turns: 11520, Time: 00:24:47

Health: 0/101      AC: 19    Str: 24    XL:     11   Next: 76%
Magic:  18/18      EV: 10    Int:  8    God:    Nemelex Xobeh [****..]
Gold:   428        SH:  0    Dex: 10    Spells: 10/10 levels left

rFire   . . .        f - +9 executioner's axe (pain)
rCold   + . .        (shield currently unavailable)
rNeg    . . .        D - +2 scale mail {rC+}
rPois   .            i - +1 hat
rElec   .            z - +2 cloak {Stlth+}
rCorr   .            s - +0 pair of gloves
SInv    .            A - +0 pair of boots
Will    .....        j - amulet of magic regeneration
Stlth   +            y - ring of flight
HPRegen 0.36/turn    (no ring)
MPRegen 0.56/turn

%: no passive effects
@: lethally poisoned (0 -> -69), about to teleport, flying, slowed, studying 2
skills, very slow
A: no striking features
a: Renounce Religion, Draw Escape, Draw Destruction, Draw Summoning, Triple
Draw, Deal Four


You were on level 2 of the Lair of Beasts.
You worshipped Nemelex Xobeh.
Nemelex Xobeh was greatly pleased with you.
You visited 2 branches of the dungeon, and saw 11 of its levels.

You collected 743 gold pieces.
You spent 315 gold pieces at shops.

Inventory:

Hand Weapons
 a - a +0 war axe
 f - a +9 executioner's axe of pain (weapon)
 g - a +3 dagger
Missiles
 E - a throwing net (quivered)
Armour
 h - the +4 kite shield "Wyps" {Int+3}
   (You acquired it on level 2 of the Dungeon)

   Int:       It affects your intelligence (+3).
 i - a +1 hat (worn)
 n - +0 fire dragon scales
 s - a +0 pair of gloves (worn)
 z - a +2 cloak of stealth (worn)
 A - a +0 pair of boots (worn)
 D - a +2 scale mail of cold resistance (worn)
Jewellery
 j - an amulet of magic regeneration (around neck)
 u - a ring of fire
 y - a ring of flight (left hand)
Wands
 b - a wand of polymorph (12)
 F - a wand of flame (14)
 H - a wand of paralysis (10)
 K - a wand of iceblast (7)
Scrolls
 m - 2 scrolls of fog
 o - a scroll of acquirement
 p - 3 scrolls of fear
 q - a scroll of torment
 J - 3 scrolls of amnesia
Potions
 c - 4 potions of lignification
 d - a potion of might
 e - 2 potions of haste
 k - a potion of ambrosia
 l - 2 potions of mutation
 r - a potion of invisibility
 t - 2 potions of degeneration
 v - 2 potions of brilliance
 x - a potion of attraction
 B - 3 potions of resistance
 C - 2 potions of heal wounds
 G - a potion of cancellation {unknown}


   Skills:
 + Level 10.4 Fighting
 + Level 10.8 Axes
 + Level 12.7 Armour
 - Level 3.7 Shields
 + Level 7.8 Necromancy
 + Level 10.5 Invocations
 + Level 5.1 Evocations


You had 10 spell levels left.
You didn't know any spells.
Your spell library contained the following spells:

 Spells                   Type           Power      Damage    Failure   Level
 Necrotise                Necr           48%        1d6       3%          1
 Vampiric Draining        Necr           12%        2d6       11%         3
 Shock                    Conj/Air       0%         1d3       65%         1
 Agony                    Necr           12%        N/A       67%         5
 Call Canine Familiar     Summ           0%         N/A       95%         3
 Ozocubu's Armour         Ice            0%         N/A       95%         3
 Portal Projectile        Hex/Tloc       0%         N/A       95%         3
 Swiftness                Air            0%         N/A       95%         3
 Vhi's Electric Charge    Tloc/Air       0%         N/A       95%         3
 Airstrike                Air            0%         2d(0-16)  100%        4
 Leda's Liquefaction      Hex/Erth       0%         N/A       100%        4
 Arcjolt                  Conj/Air       0%         1d10      100%        5
 Plasma Beam              Fire/Air       0%         2x1d11    100%        6
 Ozocubu's Refrigeration  Ice            0%         4d7       100%        7


Dungeon Overview and Level Annotations

Branches:
Dungeon (9/15)             Temple (0/1) D:7            Lair (2/5) D:9
  Swamp: Lair:2-3    Shoals: Lair:2-3     Snake: Lair:2-3    Spider: Lair:2-3
    Orc: D:9-12

Altars:
Fedhas
Gozag
Kikubaaqudgha
Makhleb
Nemelex Xobeh
Okawaru
Trog
Uskayaw
Vehumet

Shops:
D:6 (   D:9 ?


Message History

Okay, then.
You draw a card...
You have drawn Degeneration.
The elephant evaporates and reforms as a death drake!
The death drake twists and deforms.
The torpor snail evaporates and reforms as a skyshark!
The skyshark twists and deforms.
The water moccasin evaporates and reforms as a wolf!
The wolf twists and deforms.
You feel yourself speed up.
You feel very sick.
A nearby plant withers and dies. x16
An eight-headed hydra comes into view.
You draw a card...
You have drawn Vitriol.
Press: ? - help, Shift-Dir - straight line, f - death drake
Aim: a death drake (misshapen and mutated)
The glob of acid misses the death drake.
The glob of acid hits the skyshark!!!
The acid corrodes the skyshark!
The skyshark is severely wounded.
You feel sick.
The eight-headed hydra roars!
You hear a bellow!
The death drake breathes miasma at you. The foul vapour engulfs you!
You are more poisoned.
You feel yourself slow down.
As you read the scroll of teleportation, it crumbles to dust.
You feel strangely unstable.
You are engulfed in dark miasma.
You are more poisoned.
* * * LOW HITPOINT WARNING * * *
You feel extremely sick. The death drake completely misses you.
You feel much better.
You are engulfed in dark miasma.
You are more poisoned.
* * * LOW HITPOINT WARNING * * *
You feel extremely sick. The death drake breathes miasma at you.
The foul vapour engulfs you!
You are more poisoned.
You die...
Your body glows slightly and disappears.

##♣.♣##.........
.♣♣♣♣♣♣ ♣♣.♣
#........P ♣......
#♣.♣♣♣#.........
#...~.
#.♣♣..#.........
#.....
#...♣.#........#
†...†
#♣♣♣♣.#...(.....
..l ♣.♣#....>....
#k♣♣♣ ♣♣.#.........
♣@°♣♣♣..#....<....
#°♣♣°..♣♣#.........
°°° #.♣♣♣
#......... ..°°°
#.. #.........
#....h #♣♣♣
#........# #D..~.
#........# ♣......
#..(....## .♣♣♣♣♣♣
#.......# #.......#


You could see a death drake (catching breath, misshapen), a skyshark (misshapen,
corroded), an eight-headed hydra and a wolf (misshapen).

Vanquished Creatures
  A two-headed ogre (D:8)
  Pikel (D:5)
  Maurice (D:8)
  A black mamba (Lair:2)
  5 cane toads
  2 komodo dragons
  4 polar bears
  Sigmund (D:3)
  A vampire (D:9)
  4 wyverns
  6 yaks (Lair:1)
  A steam dragon (D:9)
  4 water moccasins
  3 black bears
  2 sky beasts (D:8)
  3 orc warriors
  3 wolves (D:8)
  2 centaurs
  2 phantoms
  3 kobold brigands
  A gnoll sergeant (D:9)
  6 bullfrogs
  3 necrophages (D:5)
  2 scorpions (D:5)
  9 wights
  A killer bee (D:5)
  5 electric eels
  8 howler monkeys
  A bullfrog zombie (D:5)
  A centaur zombie (D:5)
  6 orc priests
  3 hounds
  5 jellies
  2 sleepcaps
  A wyvern simulacrum (D:9)
  4 iguanas
  11 orc wizards
  A hound zombie (D:5)
  18 gnolls
  8 adders
  A river rat (D:5)
  2 shadow imps
  5 white imps
  A howler monkey simulacrum (D:8)
  3 ufetubi (D:5)
  A worm (D:2)
  2 dart slugs
  27 orcs
  6 endoplasms
  4 giant cockroaches
  11 goblins
  8 hobgoblins
  14 jackals
  3 quokkas
  4 ball pythons
  8 bats
  A frilled lizard (D:1)
  24 kobolds
  23 rats
294 creatures vanquished.

Notes
Turn   | Place    | Note
-------+----------+-------------------------------------------
     0 | D:1      | Graphine the Hill Orc Fighter began the quest for the Orb.
     0 | D:1      | Reached XP level 1. HP: 19/19 MP: 1/1
   140 | D:1      | Reached XP level 2. HP: 27/27 MP: 2/2
   271 | D:1      | Reached skill level 1 in Invocations
   442 | D:1      | Reached XP level 3. HP: 33/33 MP: 3/3
  1247 | D:2      | Reached XP level 4. HP: 40/40 MP: 5/5
  1626 | D:2      | Identified 3 scrolls of acquirement
  1626 | D:2      | Acquired a +6 executioner's axe of pain
  1627 | D:2      | Acquired the +4 kite shield "Wyps" {Int+3}
  1628 | D:2      | Acquired a manual of Armour
  1692 | D:3      | Reached skill level 4 in Armour
  1692 | D:3      | Reached XP level 5. HP: 20/47 MP: 6/6
  1697 | D:3      | Reached skill level 1 in Necromancy
  2093 | D:3      | Noticed Sigmund
  2099 | D:3      | Killed Sigmund
  2100 | D:3      | Reached skill level 5 in Fighting
  2100 | D:3      | Reached skill level 5 in Armour
  2100 | D:3      | Reached XP level 6. HP: 25/56 MP: 8/8
  2327 | D:3      | Identified the +4 whip of the Maze {freeze, rElec Stlth+}
  2399 | D:3      | Found a sparkling altar of Nemelex Xobeh.
  2715 | D:3      | Became a worshipper of Nemelex Xobeh the Trickster
  2762 | D:4      | Found a radiant altar of Vehumet.
  2765 | D:4      | Noticed a black bear
  2801 | D:4      | You fall into a shaft and drop 3 floors!
  2827 | D:7      | Reached XP level 7. HP: 15/57 MP: 9/9
  2828 | D:7      | Reached skill level 5 in Axes
  3000 | D:6      | Reached skill level 6 in Armour
  3074 | D:5      | Entered Level 5 of the Dungeon
  3086 | D:5      | Found an opulent altar of Gozag.
  3087 | D:5      | Found an ancient bone altar of Kikubaaqudgha.
  3087 | D:5      | Found a bloodstained altar of Trog.
  3088 | D:5      | Found a hide-covered altar of Uskayaw.
  3218 | D:5      | Reached * piety under Nemelex Xobeh
  3386 | D:4      | Noticed Eustachio
  3387 | D:4      | Eustachio changed into Eustachio the jelly
  3387 | D:4      | Noticed Eustachio
  3393 | D:4      | Killed Eustachio the jelly
  3516 | D:3      | Acquired a manual of Evocations
  3739 | D:4      | Reached XP level 8. HP: 64/70 MP: 11/11
  3863 | D:4      | Reached skill level 5 in Invocations
  4140 | D:4      | Reached skill level 7 in Armour
  4531 | D:5      | Received a gift from Nemelex Xobeh
  4781 | D:5      | Found a blossoming altar of Fedhas.
  5141 | D:5      | Noticed Pikel
  5147 | D:5      | Killed Pikel
  5148 | D:5      | Reached skill level 8 in Armour
  5148 | D:5      | Reached XP level 9. HP: 48/79 MP: 13/13
  5519 | D:6      | Found Ynyidasa's Firing Range.
  5591 | D:6      | Reached skill level 5 in Necromancy
  5733 | D:6      | Reached skill level 9 in Armour
  6051 | D:6      | Reached ** piety under Nemelex Xobeh
  6051 | D:6      | Received a gift from Nemelex Xobeh
  6344 | D:6      | Found an iron altar of Okawaru.
  6493 | D:7      | Received a gift from Nemelex Xobeh
  6842 | D:7      | Found a staircase to the Ecumenical Temple.
  6856 | D:7      | Reached XP level 10. HP: 79/88 MP: 15/15
  6859 | D:7      | Reached skill level 10 in Armour
  7408 | D:8      | Reached *** piety under Nemelex Xobeh
  7472 | D:8      | Found a burning altar of Makhleb.
  7510 | D:8      | Noticed a two-headed ogre
  7518 | D:8      | Killed a two-headed ogre
  7598 | D:8      | Received a gift from Nemelex Xobeh
  7657 | D:8      | Noticed Maurice
  7662 | D:8      | Paralysed by Maurice for 2 turns
  7669 | D:8      | Paralysed by something for 2 turns
  7675 | D:8      | Paralysed by something for 3 turns
  7687 | D:8      | Killed Maurice
  7690 | D:8      | Reached skill level 11 in Armour
  8842 | D:9      | Found Xylakk's Magic Scroll Shoppe.
  8851 | D:9      | Bought a scroll of enchant weapon for 105 gold pieces
  8851 | D:9      | Bought a scroll of enchant armour for 105 gold pieces
  8851 | D:9      | Bought a scroll of enchant weapon for 105 gold pieces
  8869 | D:9      | Reached skill level 1 in Evocations
  8941 | D:9      | Reached XP level 11. HP: 97/97 MP: 18/18
  9256 | D:9      | Found a staircase to the Lair.
  9300 | D:9      | Received a gift from Nemelex Xobeh
  9312 | D:9      | Reached **** piety under Nemelex Xobeh
  9357 | D:9      | Reached skill level 10 in Axes
  9761 | Lair:1   | Entered Level 1 of the Lair of Beasts
  9986 | Lair:1   | Reached skill level 12 in Armour
 10261 | Lair:1   | Received a gift from Nemelex Xobeh
 10281 | Lair:1   | Reached skill level 10 in Invocations
 10282 | Lair:1   | Reached skill level 10 in Fighting
 11512 | Lair:2   | Received a gift from Nemelex Xobeh
 11516 | Lair:2   | Reached skill level 5 in Evocations
 11517 | Lair:2   | an elephant changed into a death drake
 11517 | Lair:2   | Noticed a death drake
 11517 | Lair:2   | a torpor snail changed into a skyshark
 11517 | Lair:2   | Noticed a skyshark
 11517 | Lair:2   | Noticed an eight-headed hydra
 11520 | Lair:2   | Killed from afar by a death drake

Illustrated notes

Levels and vault maps discovered:
D:1:      dpeg_arrival_three_smaller_balls, layout_rooms
D:2:      layout_basic, minmay_rat_hole
D:3:      layout_loops_ring, nemelex_spade_bored_becter,
          hangedman_decor_growths, uniq_sigmund
D:4:      layout_cave_pods, vehumet_crystals, uniq_eustachio
D:5:      layout_loops_corners, fedhas_altar_decomposition,
          chequers_temple_overflow_statue_of_worship, minmay_starry_boxes,
          uniq_pikel
D:6:      layout_basic, kennysheep_okawaru_gauntlet, nicolae_shop_firing_range
D:7:      layout_basic, minmay_temple_entry_hall,
          nicolae_ossuary_entry_false_entrances, minmay_crystal_water
D:8:      layout_rooms, mainiacjoe_overflow_concentric_impassable, serial_ice,
          serial_ice_h, serial_ice_j, serial_ice_n, serial_ice_m, uniq_maurice
D:9:      layout_cave_pods, dpeg_oklobed_lair, serial_ice, serial_ice_l,
          serial_ice_m, serial_ice_b, serial_ice_f, serial_ice_o, serial_ice_e,
          serial_shops, nicolae_shop_crystal
Lair:1:   layout_long_grid, minivault_23, grunt_megastairs_2,
          serial_bayou_shore_a
Lair:2:   nzn_winding_woodlands_large [nzn_winding_woodlands_5x5_perimeter,
          nzn_winding_woodlands_5x15_jagged, nzn_winding_woodlands_hourglass,
          nzn_winding_woodlands_center_diamonds,
          nzn_winding_woodlands_15x15_five_gardens,
          nzn_winding_woodlands_center_pierced_h,
          nzn_winding_woodlands_5x5_default, nzn_winding_woodlands_5x15_pockets,
          nzn_winding_woodlands_5x5_open_star], layout_regular_city, swamp_mist

Skill      XL: |  1  2  3  4  5  6  7  8  9 10 11 |
---------------+----------------------------------+-----
Axes           | 3 4 5 7 8 9 10 | 10.8
Invocations    | 1 2 3 4 6 7 9 10 | 10.5
Fighting       | 4 5 7 8 9 10 | 10.4
Armour         | 4 5 6 8 9 11 12 | 12.7
Necromancy     | 1 2 3 4 5 7 |  7.8
Evocations     | 1 5 |  5.1
Shields        | |  3.7

Action                     |  1- 3 |  4- 6 |  7- 9 | 10-12 || total
---------------------------+-------+-------+-------+-------++-------
  Melee: War axe           |   131 |    58 |       |       ||   189
         Executioner's axe |       |    41 |   227 |   198 ||   466
 Invoke: Draw Destruction  |       |       |     2 |     4 ||     6
         Triple Draw       |       |       |       |     1 ||     1
  Evoke: Wand              |       |       |     1 |     6 ||     7
    Use: Scroll            |       |     5 |    11 |    14 ||    30
         Potion            |       |     1 |       |     7 ||     8
 Armour: Scale mail        |    76 |    74 |       |   147 ||   297
         Chain mail        |       |     7 |   218 |    17 ||   242
  Dodge: Dodged            |    85 |    55 |   151 |   145 ||   436
  Block: Buckler           |    34 |    20 |       |       ||    54
